 Dungeon Crawl Stone Soup version 0.20.0 (webtiles) character file.

2148 Minorbread the Covert (level 9, -17/39 HPs)
             Began as a Spriggan Enchanter on June 14, 2017.
             Was an Initiate of Ashenzari.
             Shot with a sling bullet by Joseph (24 damage)
             ... on level 7 of the Dungeon.
             The game lasted 00:23:33 (8081 turns).

Minorbread the Covert (Spriggan Enchanter)          Turns: 8081, Time: 00:23:33

Health: -17/39     AC:  3    Str:  4    XL:     9   Next: 9%
Magic:  18/21      EV: 19    Int: 19    God:    Ashenzari [......]
Gold:   309        SH:  0    Dex: 17    Spells: 9/23 levels left

rFire    . . .     SeeInvis +   D - +1 dagger (holy)
rCold    . . .     Gourm    .   (shield restricted)
rNeg     . . .     Faith    .   b - +0 robe
rPois    .         Spirit   .   (helmet restricted)
rElec    .         Reflect  .   q - +0 cloak
rCorr    .         Harm     .   (gloves unavailable)
MR       +....                  (boots unavailable)
Stlth    ++++......             m - amulet of regeneration (curse)
Regen    0.6/turn               (no ring)
MPRegen  0.2/turn               (no ring)

@: very quick
A: unfitting armour, see invisible, herbivore 3, speed 3, slow metabolism 2
a: Curse Item, Renounce Religion


You were on level 7 of the Dungeon.
You worshipped Ashenzari.
Ashenzari was noncommittal.
You were not hungry.

You visited 2 branches of the dungeon, and saw 8 of its levels.
You also visited: Sewer.

You collected 309 gold pieces.

Inventory:

Hand Weapons
 D - a +1 dagger of holy wrath (weapon)
Armour
 b - a +0 robe (worn)
 q - a +0 cloak (worn)
Jewellery
 m - a cursed amulet of regeneration (around neck)
 r - an uncursed ring of ice
Wands
 C - a wand of confusion (4/48)
Scrolls
 e - 3 scrolls of teleportation
 g - 14 scrolls of identify {unknown}
 i - a scroll of magic mapping {unknown}
 j - 2 scrolls of remove curse
 k - 2 scrolls of amnesia {unknown}
 l - a scroll of enchant armour {unknown}
 u - a scroll of immolation {unknown}
 v - a scroll of fog {unknown}
 w - a scroll of random uselessness {unknown}
 B - a scroll of vulnerability {unknown}
Potions
 n - 2 potions of might {unknown}
 o - 5 potions of flight {unknown}
 p - a potion of invisibility {unknown}
 s - 8 potions of heal wounds {unknown}
 t - 3 potions of curing {unknown}
 x - a potion of degeneration {unknown}
 z - a potion of mutation {unknown}
 A - a potion of ambrosia {unknown}
Books
 c - a book of Maledictions

   Spells                             Type                      Level
   a - Corona                         Hexes                        1
   b - Ensorcelled Hibernation        Hexes/Ice                    2
   c - Confuse                        Hexes                        3
   d - Tukima's Dance                 Hexes                        3
   e - Dazzling Spray                 Conjuration/Hexes            3
 y - a book of Minor Magic

   Spells                             Type                      Level
   a - Magic Dart                     Conjuration                  1
   b - Blink                          Translocation                2
   c - Call Imp                       Summoning                    2
   d - Slow                           Hexes                        2
   e - Conjure Flame                  Conjuration/Fire             3
   f - Mephitic Cloud                 Conjuration/Poison/Air       3
Comestibles
 d - a bread ration
 f - a fruit
 h - 2 royal jellies


   Skills:
 * Level 7.3 Short Blades
 + Level 3.4 Dodging
 + Level 9.1 Stealth
 - Level 7.8 Spellcasting
 + Level 7.2 Hexes
 - Level 3.5 Translocations


You had 9 spell levels left.
You knew the following spells:

 Your Spells              Type           Power        Failure   Level  Hunger
a - Corona                Hex            #####..      1%          1    None
b - Ensorcelled Hibernat  Hex/Ice        ###...       3%          2    None
c - Confuse               Hex            #####...     1%          3    #......
d - Tukima's Dance        Hex            #####...     1%          3    #......
e - Dazzling Spray        Conj/Hex       ###...       6%          3    #......
f - Blink                 Tloc           N/A          3%          2    None


Dungeon Overview and Level Annotations

Branches:
Dungeon (7/15)             Temple (1/1) D:5

Altars:
Ashenzari
Cheibriados
Dithmenos
Elyvilon
Fedhas
Gozag
Hepliaklqana
Kikubaaqudgha
Makhleb
Nemelex Xobeh
Okawaru
Qazlal
Ru
Sif Muna
Trog
Vehumet
Xom
Yredelemnul
Zin
The Shining One

Shops:
D:4 %}*(

Annotations:
D:4 plsesad's ghost, novice HaGl
D:7 Joseph


Innate Abilities, Weirdness & Mutations

You are very small and have problems with some larger weapons.
You are too small for most types of armour.
You have supernaturally acute eyesight. (SInv)
You are a herbivore.
You cover ground extremely quickly.
You need consume almost no food.


Message History

Aim: Joseph, wielding a hunting sling and wearing a leather armour (chance to defeat MR: 33%) Joseph easily resists.
Joseph shoots a sling bullet.
The sling bullet hits you!!
Ouch! That really hurt!
Casting: Ensorcelled Hibernation
Confirm with . or Enter, or press ? or * to list all spells.
Aiming: Ensorcelled Hibernation
Press: ? - help, Shift-Dir - straight line, f/p - Joseph
Aim: Joseph, wielding a hunting sling and wearing a leather armour (chance to defeat MR: 33%) Joseph easily resists.
Joseph shoots a sling bullet.
The sling bullet closely misses you.
Joseph shoots a sling bullet.
The sling bullet hits you but does no damage.
You see here a sling bullet.
Joseph shoots a sling bullet.
The sling bullet hits you!
* * * LOW HITPOINT WARNING * * *
You see here a sling bullet.
Joseph shoots a sling bullet.
The sling bullet hits you!!
Ouch! That really hurt!
You die...

..... #.#....#
#...# ##@##.@##
#...### #.#.#..(#
#.....# #.##(##.##
#####.##.#
#.###.#((#
#..).....# #.#
##.### #<###....#
#.# ##.#
..##.....########.#
###
####..##........@.#
#..####..###..##
#..#.....# #.##
#........# #.#
#.#...#.## #.#
#.......# #.#
#.......# ...
#.......# ...
#........ ...


You could see Joseph.

Vanquished Creatures
  An unseen horror (D:6)
  A wyvern (D:4)
  2 sky beasts
  An ice beast (D:7)
  3 ogres
  A centaur (D:5)
  2 big kobolds (Sewer)
  3 hounds
  2 orc priests
  4 orc wizards
  3 worker ants
  A worker ant zombie (D:6)
  15 adders
  13 river rats
  A shadow imp (D:5)
  2 oozes
  An adder skeleton (D:6)
  A worm (D:2)
  2 dart slugs
  5 leopard geckos
  12 orcs
  4 giant cockroaches
  16 goblins
  7 hobgoblins
  10 jackals
  18 kobolds
  5 ball pythons
  7 bats
  10 frilled lizards
  24 rats
177 creatures vanquished.

Notes
Turn   | Place    | Note
-------+----------+-------------------------------------------
     0 | D:1      | Minorbread the Spriggan Enchanter began the quest for the Orb.
     0 | D:1      | Reached XP level 1. HP: 9/9 MP: 5/5
   311 | D:1      | Reached XP level 2. HP: 13/13 MP: 7/7
   608 | D:1      | Learned a level 2 spell: Ensorcelled Hibernation
  1050 | D:2      | Reached XP level 3. HP: 16/16 MP: 8/8
  1162 | D:2      | Reached skill level 5 in Stealth
  1622 | D:2      | Learned a level 3 spell: Confuse
  1626 | D:2      | Reached XP level 4. HP: 21/21 MP: 4/10
  2741 | D:3      | Reached XP level 5. HP: 22/24 MP: 10/12
  2809 | D:3      | Found a glowing drain.
  2854 | Sewer    | Entered a sewer
  3074 | Sewer    | Reached skill level 6 in Stealth
  3580 | Sewer    | Reached skill level 5 in Spellcasting
  3709 | Sewer    | Reached XP level 6. HP: 26/28 MP: 3/14
  3852 | Sewer    | Reached skill level 5 in Hexes
  4658 | D:4      | Found Mekonirph's Food Emporium.
  4666 | D:4      | Reached skill level 7 in Stealth
  4666 | D:4      | Reached XP level 7. HP: 32/32 MP: 15/17
  4671 | D:4      | Learned a level 3 spell: Tukima's Dance
  4798 | D:4      | Noticed a wyvern
  5078 | D:4      | Found Dicwurel's Antique Weapon Boutique.
  5208 | D:4      | Noticed plsesad's ghost (novice HaGl)
  5313 | D:4      | Found Razem's General Store.
  5365 | D:4      | Found Tanail's Gadget Emporium.
  5711 | D:4      | Killed a wyvern
  6104 | D:5      | Entered Level 5 of the Dungeon
  6140 | D:5      | Reached skill level 5 in Short Blades
  6214 | D:5      | Reached XP level 8. HP: 36/36 MP: 13/19
  6219 | D:5      | Learned a level 3 spell: Dazzling Spray
  6240 | D:5      | Learned a level 2 spell: Blink
  6299 | D:5      | Reached skill level 8 in Stealth
  6584 | D:5      | Found a staircase to the Ecumenical Temple.
  6612 | Temple   | Entered the Ecumenical Temple
  6770 | D:5      | Reached skill level 1 in Translocations
  7144 | D:6      | Found a burning altar of Makhleb.
  7232 | D:6      | Found a shattered altar of Ashenzari.
  7236 | D:6      | Became a worshipper of Ashenzari the Shackled
  7242 | D:6      | Found a hazy altar of Hepliaklqana.
  7245 | D:6      | Found a sparkling altar of Nemelex Xobeh.
  7481 | D:6      | Noticed an unseen horror
  7491 | D:6      | Killed an unseen horror
  7699 | D:6      | Reached skill level 9 in Stealth
  7699 | D:6      | Reached XP level 9. HP: 39/39 MP: 21/21
  8058 | D:7      | Noticed Joseph
  8081 | D:7      | Shot with a sling bullet by Joseph

Skill      XL: |  1  2  3  4  5  6  7  8 |
---------------+-------------------------+-----
Spellcasting   | 3 4 5 6 7 |  7.8
Hexes          | 4 5 6 7 |  7.2
Short Blades   | 2 3 5 7 |  7.3
Stealth        | 5 6 7 9 |  9.1
Translocations | 3 |  3.5
Dodging        | |  3.4

Action                   |  1- 3 |  4- 6 |  7- 9 || total
-------------------------+-------+-------+-------++-------
Melee: Dagger            |    78 |   217 |   107 ||   402
 Cast: Corona            |     1 |       |       ||     1
       Ensorcelled Hiber |    15 |    66 |    58 ||   139
       Confuse           |       |     8 |    10 ||    18
Invok: Curse Item        |       |       |     1 ||     1
  Use: Scroll            |       |     2 |     1 ||     3
 Stab: Sleeping          |    18 |    63 |    41 ||   122
       Distracted        |     1 |     1 |       ||     2
       Confused          |       |     3 |     8 ||    11
  Eat: Fruit             |       |     1 |       ||     1
       Bread ration      |       |     1 |       ||     1
Armor: Robe              |    13 |    32 |    10 ||    55
Dodge: Dodged            |    62 |   196 |    69 ||   327
